 Dungeon Sprint DCSS version 0.21-a0-94-gdd6ab6a (webtiles) character file.

144 Kidiri the Covert (level 5, 0/39 HPs)
             Began as a Spriggan Enchanter on July 2, 2017.
             Slain by a centaur (1 damage)
             ... in the Dungeon (Sprint IX: "|||||||||||||||||||||||||||||").
             The game lasted 00:00:38 (197 turns).

Kidiri the Covert (Spriggan Enchanter)               Turns: 197, Time: 00:00:38

Health: 0/39       AC:  2    Str:  9    XL:     5   Next: 5%
Magic:  8/14       EV: 22    Int: 17    God:
Gold:   0          SH:  0    Dex: 17    Spells: 14/15 levels left

rFire    . . .     SeeInvis +   a - +1 dagger
rCold    . . .     Gourm    .   (shield restricted)
rNeg     . . .     Faith    .   b - +0 robe
rPois    .         Spirit   .   (helmet restricted)
rElec    .         Reflect  .   (no cloak)
rCorr    .         Harm     .   (gloves unavailable)
MR       .....     NoTele   +   (boots unavailable)
Stlth    ..........             (no amulet)
HPRegen  0.13/turn              (no ring)
MPRegen  0.14/turn              (no ring)

@: berserking (expiring), lethally poisoned (0 -> -1), very quick
A: unfitting armour, see invisible, herbivore 3, speed 3, slow metabolism 2
a: no special abilities


You were in the Dungeon.
You were not hungry.

You visited 1 branch

Inventory:

Hand Weapons
 a - a +1 dagger (weapon)
Armour
 b - a +0 robe (worn)
Scrolls
 j - a scroll of blinking
Potions
 e - a potion of curing
 f - a potion of heal wounds
 g - a potion of haste
 h - 2 potions of magic
Books
 c - a book of Maledictions

   Spells                             Type                      Level
   a - Corona                         Hexes                        1
   b - Ensorcelled Hibernation        Hexes/Ice                    2
   c - Confuse                        Hexes                        3
   d - Tukima's Dance                 Hexes                        3
   e - Dazzling Spray                 Conjuration/Hexes            3
Comestibles
 d - a bread ration


   Skills:
 + Level 2.3 Fighting
 * Level 4.5 Short Blades
 + Level 1.9 Armour
 * Level 6.8 Dodging
 * Level 8.3 Stealth
 * Level 5.5 Spellcasting
 + Level 5.1 Hexes


You had 14 spell levels left.
You knew the following spells:

 Your Spells              Type           Power        Failure   Level  Hunger
a - Corona                Hex            ###....      1%          1    None


Dungeon Overview and Level Annotations

Branches:
Dungeon (1/1)

Altars:


Innate Abilities, Weirdness & Mutations

You are very small and have problems with some larger weapons.
You are too small for most types of armour.
You have supernaturally acute eyesight. (SInv)
You are a herbivore.
You cover ground extremely quickly.
You need consume almost no food.


Message History

You hit the sky beast.
The sky beast is almost dead.
You hit the sky beast.
You kill the sky beast!
Your Fighting skill increases to level 2!
Your Short Blades skill increases to level 4!
Your Dodging skill increases to level 6!
Your Stealth skill gained 2 levels and is now at level 8!
Your Spellcasting skill increases to level 5!
Your Hexes skill increases to level 5!
You have reached level 4!
You have reached level 5!
You feel clever.
The centaur wields a shortbow.
The centaur shoots an arrow.
The arrow misses you.
* * * LOW HITPOINT WARNING * * *
You feel sick.
The centaur unwields an uncursed shortbow.
The centaur hits you.
You die... ▓▓▓▓▓▓▓▓▓▓▓▓▓▓▓▓▓▓ +..ac@'....('...<▓ ▓▓▓▓▓▓▓▓▓▓▓▓▓▓▓▓▓▓

You could see a centaur and a worker ant.

Vanquished Creatures
  A sky beast (D)
  An iguana (D)
  A worker ant (D)
  A leopard gecko (D)
  A hobgoblin (D)
  A jackal (D)
  2 kobolds (D)
8 creatures vanquished.

Notes
Turn   | Place    | Note
-------+----------+-------------------------------------------
     0 | D        | Kidiri the Spriggan Enchanter began the quest for the Orb.
     0 | D        | Reached XP level 1. HP: 9/9 MP: 5/5
    18 | D        | Reached skill level 5 in Stealth
   174 | D        | Noticed a worker ant
   174 | D        | Noticed a centaur
   174 | D        | Noticed a sky beast
   174 | D        | Noticed an iguana
   174 | D        | Noticed a worker ant
   181 | D        | Killed a worker ant
   181 | D        | Reached skill level 1 in Fighting
   181 | D        | Reached skill level 6 in Stealth
   181 | D        | Reached XP level 2. HP: 10/14 MP: 5/7
   181 | D        | Reached XP level 3. HP: 13/18 MP: 6/9
   185 | D        | Reached skill level 1 in Armour
   185 | D        | Reached skill level 5 in Dodging
   190 | D        | HP: 1/27 [poisoned by a worker ant]
   196 | D        | Killed a sky beast
   196 | D        | Reached skill level 8 in Stealth
   196 | D        | Reached skill level 5 in Spellcasting
   196 | D        | Reached skill level 5 in Hexes
   196 | D        | Reached XP level 4. HP: 2/23 MP: 6/12
   196 | D        | Reached XP level 5. HP: 2/26 MP: 7/14
   197 | D        | HP: 1/39 [poisoned by a worker ant]
   197 | D        | Slain by a centaur

Vault maps used:
D:        linesprint

Skill      XL: |  1  2  3 |
---------------+----------+-----
Stealth        | 6 8 |  8.3
Hexes          | 4 5 |  5.1
Fighting       | 1 2 |  2.3
Short Blades   | 2 4 |  4.5
Dodging        | 4 6 |  6.8
Spellcasting   | 3 5 |  5.5
Armour         | 1 |  1.9

Action                   |  1- 3 |  4- 6 || total
-------------------------+-------+-------++-------
Melee: Dagger            |    50 |       ||    50
  Use: Potion            |     1 |       ||     1
Armor: Robe              |     2 |       ||     2
Dodge: Dodged            |    34 |     1 ||    35
